[Event "Titled Tuesday Blitz March 07 Late 2023"]
[White "Davidson, Kevin"]
[Black "Sai Han Thiha"]
[WhiteFideId "2056810"]
[BlackFideId "13012290"]
[WhiteElo "2151"]
[BlackElo "1954"]
[Result "0-1"]
[Round "08"]
[TimeControl "180+2"]
[Date "2023.03.07"]
[WhiteClock "0:00:03"]
[BlackClock "0:00:09"]

1. e4 c6 2. d4 d5 3. e5 c5 4. dxc5 e6 5. a3 Bxc5 6. Qg4 Ne7 7. Nf3 Nf5 8. Bd3 h5 9. Qf4 Nc6 10. O-O a5 11. Nc3 O-O 12. Bd2 Nce7 13. Nb5 Ng6 14. Qg5 Qxg5 15. Bxg5 Nge7 16. Rac1 f6 17. Bd2 Bd7 18. b4 axb4 19. axb4 Bb6 20. Ra1 Rfc8 21. c3 Kf7 22. Rfe1 Rxa1 23. Rxa1 Bxb5 24. Bxb5 Nc6 25. Re1 Bd8 26. Bd3 fxe5 27. Nxe5+ Nxe5 28. Rxe5 Bf6 29. Re1 Bxc3 30. Rc1 d4 31. Be4 Nd6 32. Bf3 Rc4 33. Bxh5+ g6 34. Bxc3 Rxc3 35. Rxc3 dxc3 36. Bd1 Nc4 37. Kf1 Na3 38. Ke2 c2 39. Bxc2 Nxc2 40. b5 Nd4+ 41. Kd3 Nxb5 42. Ke4 Kf6 43. f4 Nd6+ 44. Kd4 b6 45. g4 Nb7 46. h4 Nd6 47. h5 gxh5 48. gxh5 Kf5 49. h6 Kg6 50. Ke5 Nc4+ 51. Kxe6 Kxh6 52. Kd5 Na5 53. f5 Kg7 54. Ke6 Kf8 55. f6 b5 56. Kd5 b4 57. Kd4 b3 58. Kc3 Kf7 0-1


[Site "https://www.chess.com"]

[Event "Titled Tuesday Blitz March 07 Late 2023"]
[White "Di Berardino, Diego Rafael"]
[Black "Rego, Pedro Filipe"]
[WhiteFideId "2105446"]
[BlackFideId "1904310"]
[WhiteElo "2432"]
[BlackElo "2193"]
[Result "0-1"]
[Round "08"]
[TimeControl "180+2"]
[Date "2023.03.07"]
[WhiteClock "0:00:05"]
[BlackClock "0:00:13"]

1. e4 e6 2. d3 c5 3. Nf3 Nc6 4. g3 Nf6 5. Bg2 d5 6. Nbd2 Be7 7. O-O O-O 8. Re1 Qc7 9. e5 Nd7 10. Qe2 b5 11. Nf1 a5 12. Bf4 a4 13. Ne3 Ba6 14. Nxd5 exd5 15. e6 Qd8 16. exd7 Qxd7 17. Ne5 Nxe5 18. Bxe5 Rfe8 19. Qh5 Bb7 20. Re2 a3 21. b3 Rad8 22. Rae1 Bf8 23. Bh3 Qc6 24. d4 c4 25. Bg2 cxb3 26. cxb3 Bb4 27. Rd1 f6 28. Bf4 Rxe2 29. Qxe2 Re8 30. Bxd5+ Qxd5 31. Qxe8+ Bf8 32. Kf1 Qh1+ 33. Ke2 Bf3+ 34. Ke3 Qxd1 35. Qe6+ Kh8 36. Be5 Qe2+ 37. Kf4 Qe4# 0-1


[Site "https://www.chess.com"]

[Event "Titled Tuesday Blitz March 07 Late 2023"]
[White "Ismagilov, Damir"]
[Black "Rios Escobar, Adan"]
[WhiteFideId "34199982"]
[BlackFideId "3403645"]
[WhiteElo "2078"]
[BlackElo "2375"]
[Result "1-0"]
[Round "08"]
[TimeControl "180+2"]
[Date "2023.03.07"]
[WhiteClock "0:00:51"]
[BlackClock "0:00:08"]

1. d4 Nf6 2. c4 g6 3. h4 Bg7 4. Nc3 d6 5. e4 Nc6 6. Nge2 O-O 7. f3 e5 8. d5 Nd4 9. Be3 c5 10. dxc6 Nxc6 11. Qd2 Be6 12. Nd5 a6 13. Nec3 Nh5 14. O-O-O Ng3 15. Rg1 Nxf1 16. Rgxf1 b5 17. Nb6 Rb8 18. Qxd6 Nd4 19. Qxd8 Rfxd8 20. c5 b4 21. Ncd5 Bf8 22. c6 Nxc6 23. Kb1 a5 24. Bg5 Bxd5 25. exd5 Ne7 26. d6 Rxb6 27. dxe7 Rxd1+ 28. Rxd1 Bxe7 29. Bxe7 f5 30. Bd8 Kf7 31. Bxb6 a4 32. Ba5 b3 33. axb3 axb3 34. Rd3 e4 35. Rxb3 exf3 36. Rxf3 Kg7 37. b4 Kh6 38. b5 Kh5 39. b6 h6 40. b7 f4 41. b8=Q g5 42. Qe8+ Kg4 43. Qe6+ Kh5 44. hxg5 Kxg5 45. Bd8+ Kh5 46. Rh3# 1-0


[Site "https://www.chess.com"]

[Event "Titled Tuesday Blitz March 07 Late 2023"]
[White "Shapiro, Viktor"]
[Black "Seletsky, Grigory"]
[WhiteFideId "4175700"]
[BlackFideId "14112191"]
[WhiteElo "2152"]
[BlackElo "2490"]
[Result "1-0"]
[Round "08"]
[TimeControl "180+2"]
[Date "2023.03.07"]
[WhiteClock "0:00:54"]
[BlackClock "0:00:01"]

1. c4 c6 2. Nc3 d5 3. d4 e6 4. Nf3 Nf6 5. Bg5 a6 6. e3 b5 7. c5 a5 8. Bd3 Be7 9. Ne5 Nfd7 10. Bxe7 Qxe7 11. f4 Nxe5 12. fxe5 Nd7 13. O-O b4 14. Ne2 Ba6 15. Bxa6 Rxa6 16. Nf4 O-O 17. Rf3 f6 18. Qd3 Raa8 19. Rh3 g6 20. exf6 Rxf6 21. Rf1 e5 22. Ne2 e4 23. Qd1 Raf8 24. Rxf6 Nxf6 25. Nf4 Ne8 26. Rg3 Ng7 27. Qe2 Nf5 28. Rg4 Qb7 29. b3 Ra8 30. h4 Qa6 31. Qf2 Rf8 32. h5 Ne7 33. hxg6 Nxg6 34. Qg3 Rf6 35. Nxg6 Qf1+ 36. Kh2 hxg6 37. Rxg6+ Rxg6 38. Qxg6+ Kf8 39. Qd6+ Kg7 40. Qxc6 Qf5 41. Qc7+ Kh8 42. Qf4 Qh5+ 43. Kg3 Qg6+ 44. Kf2 Qa6 45. Qe5+ Kh7 46. Qxd5 Qd3 47. Qf5+ Kg7 48. Qg4+ Kh7 49. Qe2 Qc3 50. Kg3 a4 51. bxa4 Qa3 52. Kf4 Qxa4 53. Qh5+ Kg7 54. Qe5+ Kf8 55. Qd6+ Kg7 56. Qd5 b3 57. axb3 Qa1 58. Qxe4 1-0


[Site "https://www.chess.com"]

[Event "Titled Tuesday Blitz March 07 Late 2023"]
[White "Dragomirescu, Angela"]
[Black "sissahungrychess"]
[WhiteFideId "1209914"]
[WhiteElo "2171"]
[BlackElo "2370"]
[Result "1-0"]
[Round "08"]
[TimeControl "180+2"]
[Date "2023.03.07"]
[WhiteClock "0:01:56"]
[BlackClock "0:01:42"]

1. e4 c5 2. Nf3 d6 3. d4 cxd4 4. Nxd4 Nf6 5. Nc3 a6 6. Bg5 e6 7. f4 Qb6 8. Qd2 Qxb2 9. Rb1 Qa3 10. e5 h6 11. Bh4 dxe5 12. fxe5 Nfd7 13. Ne4 Qxa2 14. Rd1 Qd5 15. Qe3 Qxe5 16. Bg3 Qd5 17. c3 Bc5 18. Bd6 f5 19. Nxc5 Nxc5 20. Nf3 Qe4 21. Bxc5 Qxe3+ 22. Bxe3 Bd7 23. Ne5 Bc6 24. Be2 Bd5 25. c4 Be4 26. Bh5+ 1-0


[Site "https://www.chess.com"]

[Event "Titled Tuesday Blitz March 07 Late 2023"]
[White "Bogaudinov, Rushan"]
[Black "Erzhanov, Arman"]
[WhiteFideId "4129288"]
[BlackFideId "4138821"]
[WhiteElo "1949"]
[BlackElo "2138"]
[Result "1/2-1/2"]
[Round "08"]
[TimeControl "180+2"]
[Date "2023.03.07"]
[WhiteClock "0:00:07"]
[BlackClock "0:00:33"]

1. a3 c5 2. g3 Nc6 3. Bg2 d5 4. d3 e5 5. Nc3 d4 6. Nb1 Nf6 7. Nf3 Be7 8. O-O O-O 9. c3 h6 10. b4 a6 11. bxc5 Bxc5 12. a4 Re8 13. Ba3 Ba7 14. Nfd2 Bg4 15. f3 Be6 16. c4 Nd7 17. Ne4 Qc7 18. Nbd2 Na5 19. Rb1 Nc5 20. Nxc5 Bxc5 21. Bxc5 Qxc5 22. Nb3 Nxb3 23. Qxb3 Rab8 24. Qb6 Qa3 25. Qb4 Qxb4 26. Rxb4 Re7 27. f4 f6 28. a5 Kf8 29. Rfb1 Bc8 30. Kf2 Ke8 31. Rb6 Kd8 32. Rxa6 bxa6 33. Rxb8 Kc7 34. Rb6 Re6 35. Rxe6 Bxe6 36. fxe5 fxe5 37. Be4 Bg4 38. e3 Kd6 39. exd4 exd4 40. Bb7 Kc5 41. Bxa6 Kb4 42. Bb7 Kxa5 43. Bg2 Kb4 44. h3 Bf5 45. Ke2 Kc3 46. g4 Bxd3+ 47. Kd1 Bxc4 48. Be4 Bb3+ 49. Ke2 d3+ 50. Bxd3 Bd1+ 51. Ke3 Ba4 52. h4 g5 53. hxg5 hxg5 54. Be2 Bc6 55. Bd1 Kc4 56. Be2+ Kc5 57. Bd3 Bg2 58. Be2 Kd5 59. Kf2 Be4 60. Kg3 Kd4 61. Bd1 Ke3 62. Bb3 Bd3 63. Be6 Bc2 64. Bd7 Bb3 65. Bc8 Ba4 66. Be6 Ke4 67. Bf5+ Ke5 68. Bd3 Bc6 69. Bf5 Be4 70. Bd7 Bg6 71. Bc8 Kd6 72. Ba6 Be4 73. Bc4 Bd5 74. Bd3 Ke5 75. Bc2 Be6 76. Bd3 Bb3 77. Bb1 Bd1 78. Bd3 Bb3 79. Bb1 Kd4 80. Bf5 Ke5 81. Bd7 Bd5 82. Bc8 Kd4 83. Bd7 Be4 84. Be6 Bc6 85. Bc8 Ke5 86. Ba6 Kd4 87. Be2 Be4 88. Bd1 Bd3 89. Bb3 Kc5 90. Be6 Bc4 91. Bf5 Bd5 92. Bd3 Kd4 93. Be2 Be4 1/2-1/2


[Site "https://www.chess.com"]

[Event "Titled Tuesday Blitz March 07 Late 2023"]
[White "Rian, Kapriaga"]
[Black "Kozin, Yuri"]
[WhiteFideId "7103263"]
[BlackFideId "4129920"]
[WhiteElo "2367"]
[BlackElo "2479"]
[Result "0-1"]
[Round "08"]
[TimeControl "180+2"]
[Date "2023.03.07"]
[WhiteClock "0:00:15"]
[BlackClock "0:00:09"]

1. d4 d5 2. Bf4 Nf6 3. e3 e6 4. c4 Bd6 5. Bxd6 cxd6 6. Nc3 dxc4 7. Bxc4 d5 8. Bd3 O-O 9. Nf3 Nc6 10. O-O Bd7 11. Rc1 Rc8 12. a3 Qe7 13. b4 a6 14. Na4 e5 15. dxe5 Nxe5 16. Nc5 Bg4 17. Be2 Nxf3+ 18. Bxf3 Bxf3 19. Qxf3 Rfd8 20. Rfd1 a5 21. Qf4 axb4 22. Qxb4 Rb8 23. h3 h6 24. Na6 Qxb4 25. Nxb4 Ra8 26. Rc3 Ra5 27. f3 Rda8 28. Rdd3 g5 29. Kf2 Kg7 30. g4 Kg6 31. Kg3 h5 32. Rb3 h4+ 33. Kf2 Kg7 34. Nc2 Rc8 35. Nd4 Rc7 36. Rdc3 Rxc3 37. Rxc3 Nd7 38. Nf5+ Kf6 39. Nd6 Rc5 40. Rb3 Rc2+ 41. Kg1 Ne5 42. f4 Nf3+ 43. Kf1 Nd2+ 44. Ke1 Nxb3 45. e4 gxf4 46. exd5 f3 47. Ne4+ Ke5 48. Nf2 Kxd5 49. g5 Ke5 0-1


[Site "https://www.chess.com"]

[Event "Titled Tuesday Blitz March 07 Late 2023"]
[White "Brozyna, Mateusz"]
[Black "Balague Camps, Marc"]
[WhiteFideId "21816140"]
[BlackFideId "2297914"]
[WhiteElo "2189"]
[BlackElo "2089"]
[Result "1-0"]
[Round "08"]
[TimeControl "180+2"]
[Date "2023.03.07"]
[WhiteClock "0:01:20"]
[BlackClock "0:01:22"]

1. e4 c5 2. Nf3 e6 3. c3 Nf6 4. e5 Nd5 5. d4 cxd4 6. cxd4 d6 7. Nc3 Nxc3 8. bxc3 Qc7 9. Bd2 Nc6 10. exd6 Bxd6 11. Bd3 Bf4 12. O-O O-O 13. Rc1 b6 14. Qe2 Bxd2 15. Nxd2 Bb7 16. Qh5 g6 17. Qh6 e5 18. Ne4 f5 19. Ng5 Rae8 20. Bc4+ Kh8 21. Rfe1 Nd8 22. Bb3 exd4 23. cxd4 Qc6 24. f3 Rxe1+ 25. Rxe1 Qf6 26. Qxh7# 1-0


[Site "https://www.chess.com"]

[Event "Titled Tuesday Blitz March 07 Late 2023"]
[White "Ansh M Shah"]
[Black "Szente Varga, Fruzsina"]
[WhiteFideId "25033379"]
[BlackFideId "712264"]
[WhiteElo "2084"]
[BlackElo "1994"]
[Result "0-1"]
[Round "08"]
[TimeControl "180+2"]
[Date "2023.03.07"]
[WhiteClock "0:00:02"]
[BlackClock "0:00:12"]

1. d4 Nf6 2. c4 g6 3. h4 Bg7 4. Nc3 h5 5. e4 d6 6. Be2 O-O 7. Nf3 e5 8. d5 Nbd7 9. Ng5 a5 10. O-O Nc5 11. f3 Bd7 12. Be3 Na6 13. a3 Qe7 14. Nb5 Nh7 15. Qd2 f6 16. Nxh7 Kxh7 17. b4 axb4 18. axb4 f5 19. Bg5 Bf6 20. Rfb1 f4 21. Bxf6 Qxf6 22. Qe1 Rg8 23. c5 dxc5 24. bxc5 Nxc5 25. Rxa8 Rxa8 26. Nxc7 Ra2 27. Bf1 g5 28. Qb4 Qe7 29. Rc1 b6 30. Qxb6 Na4 31. Qb8 gxh4 32. Nb5 Qg7 33. Rc7 h3 34. Qd8 Nb6 35. Rxd7 Nxd7 36. Nd6 hxg2 37. Bd3 Ra1+ 38. Kf2 g1=Q+ 39. Ke2 Q7g2# 0-1


[Site "https://www.chess.com"]

[Event "Titled Tuesday Blitz March 07 Late 2023"]
[White "Rangel, Daniel"]
[Black "Crispin Ferreras, Darvi Abraham"]
[WhiteFideId "2124475"]
[BlackFideId "6402771"]
[WhiteElo "2256"]
[BlackElo "2106"]
[Result "1-0"]
[Round "08"]
[TimeControl "180+2"]
[Date "2023.03.07"]
[WhiteClock "0:00:03"]
[BlackClock "0:00:03"]

1. e4 c5 2. Nf3 e6 3. b3 Nc6 4. e5 a6 5. a4 d6 6. exd6 Bxd6 7. Bb2 Nf6 8. Na3 O-O 9. Nc4 Be7 10. a5 Nd5 11. g3 Bf6 12. Bxf6 Qxf6 13. Bg2 Nde7 14. O-O Nf5 15. c3 Rd8 16. Qe1 Rb8 17. Ra2 Bd7 18. g4 Nh4 19. Nxh4 Qxh4 20. h3 Be8 21. Qe3 Qe7 22. f4 Qf8 23. Raa1 Na7 24. f5 exf5 25. gxf5 Bc6 26. f6 Bxg2 27. Kxg2 g6 28. Rae1 Re8 29. Qf4 Nc6 30. Rxe8 Rxe8 31. Rf2 h5 32. Kf1 Re6 33. Re2 Rxe2 34. Kxe2 Qe8+ 35. Kd1 Qe6 36. Kc2 Kh7 37. Kb2 Qxh3 38. Qc7 Qe6 39. Qxb7 Qxf6 40. Qxa6 h4 41. Qb6 h3 42. Ne3 Qd6 43. Nc4 Qe6 44. Qc7 g5 45. a6 g4 46. Qg3 f5 47. Qc7+ Kg6 48. Qxc6 Qxc6 49. Ne5+ Kg5 50. Nxc6 h2 51. a7 h1=Q 52. a8=Q Qd5 53. Qb7 Qxd2+ 54. Ka3 Qxc3 55. Qe7+ Kf4 56. Nd8 g3 57. Qh4+ Kf3 58. Qh5+ Kf2 59. Qxf5+ Qf3 60. Qxc5+ Qe3 61. Qf5+ Ke1 62. Ne6 g2 63. Qb1+ Kf2 64. Qc2+ Kg3 65. Qg6+ Kf2 66. Qc2+ Kf1 67. Qd1+ Kf2 68. Ng5 g1=Q 69. Qc2+ Kg3 70. Ne4+ Kf4 71. Nd2 Qa1+ 72. Kb4 Qad4+ 73. Nc4 Qe7+ 74. Ka4 Qea7+ 75. Kb5 Qab6+ 76. Nxb6 1-0


[Site "https://www.chess.com"]

[Event "Titled Tuesday Blitz March 07 Late 2023"]
[White "Mazurkiewicz, Michal"]
[Black "Eggleston, Thomas A"]
[WhiteFideId "1124943"]
[BlackFideId "412139"]
[WhiteElo "2054"]
[BlackElo "2155"]
[Result "0-1"]
[Round "08"]
[TimeControl "180+2"]
[Date "2023.03.07"]
[WhiteClock "0:00:09"]
[BlackClock "0:00:55"]

1. e4 e6 2. d3 c5 3. Nd2 d5 4. Ngf3 Nc6 5. g3 Nf6 6. Bg2 Be7 7. O-O b5 8. h4 a5 9. a4 bxa4 10. Rxa4 Ba6 11. Re1 Rb8 12. exd5 exd5 13. Ne5 Nxe5 14. Rxe5 O-O 15. Nb3 Bb5 16. Rxa5 Bd6 17. Bf4 c4 18. dxc4 Bxc4 19. Rexd5 Nxd5 20. Bxd5 Bxb3 21. Bxd6 Qxa5 0-1


[Site "https://www.chess.com"]

[Event "Titled Tuesday Blitz March 07 Late 2023"]
[White "Dzida, Kamil"]
[Black "Pesotskiy, Mikhail"]
[WhiteFideId "21828652"]
[BlackFideId "34164453"]
[WhiteElo "2139"]
[BlackElo "2131"]
[Result "1/2-1/2"]
[Round "08"]
[TimeControl "180+2"]
[Date "2023.03.07"]
[WhiteClock "0:00:09"]
[BlackClock "0:00:13"]

1. d4 Nf6 2. Nf3 c5 3. d5 b5 4. Bg5 Qb6 5. e3 g6 6. Bxf6 Qxf6 7. Nbd2 a6 8. a4 b4 9. Nc4 Bg7 10. a5 Ra7 11. Be2 O-O 12. O-O d6 13. Nfd2 Nd7 14. Bg4 Ne5 15. Bxc8 Rxc8 16. Qe2 Nxc4 17. Nxc4 e5 18. c3 Rb8 19. e4 Qe7 20. Nb6 bxc3 21. bxc3 Bf6 22. Rfb1 Qe8 23. Rb3 Bd8 24. Rab1 Bxb6 25. axb6 Raa8 26. b7 Ra7 27. Rb6 Qd7 28. Rxa6 Raxb7 29. Rxb7 Rxb7 30. h4 h5 31. Qf3 Kg7 32. Kh2 Ra7 33. Qe2 Rxa6 34. Qxa6 Qg4 35. g3 Qxe4 36. Qxd6 c4 37. Qc5 Qd3 38. d6 Kf6 39. d7 Qxd7 40. Qxc4 Qd2 41. Kg2 Kg7 42. Qc5 Qe2 43. Qe3 Qb5 44. Qe4 f5 45. Qe3 Qc6+ 46. Kh2 e4 47. Qd4+ Kh7 48. c4 Qa4 49. Qd5 Qc2 50. Qd4 Kg8 51. c5 Kh7 52. Qd7+ Kh6 53. Qd4 Kh7 54. Qd7+ Kh6 55. Qd4 Kh7 1/2-1/2


[Site "https://www.chess.com"]

[Event "Titled Tuesday Blitz March 07 Late 2023"]
[White "Botez, Alexandra"]
[Black "Marczuk, Dominik"]
[WhiteFideId "2603365"]
[BlackFideId "1111264"]
[WhiteElo "2059"]
[BlackElo "2174"]
[Result "1-0"]
[Round "08"]
[TimeControl "180+2"]
[Date "2023.03.07"]
[WhiteClock "0:00:10"]
[BlackClock "0:00:14"]

1. d4 Nf6 2. c4 g6 3. f3 Bg7 4. e4 d6 5. Nc3 O-O 6. Be3 Nc6 7. Nge2 a6 8. Qd2 Rb8 9. Nc1 e5 10. Nb3 exd4 11. Nxd4 Nxd4 12. Bxd4 Be6 13. Be2 Nd7 14. Bxg7 Kxg7 15. Nd5 Bxd5 16. cxd5 f5 17. Qc3+ Kg8 18. O-O fxe4 19. fxe4 Ne5 20. Rxf8+ Kxf8 21. Rf1+ Kg8 22. Qh3 Qe7 23. Bg4 Kg7 24. Be6 Rf8 25. Qc3 Rxf1+ 26. Kxf1 b6 27. Ke2 a5 28. a3 h5 29. h3 Kh7 30. Kd2 Qg5+ 31. Kd1 Qxg2 32. Qxc7+ Kh6 33. Qxd6 Qxe4 34. Qf8+ Kg5 35. Qe7+ Kh6 36. Qf8+ Kg5 37. Qe7+ Kf4 38. Qh4+ Ke3 39. Qxe4+ Kxe4 40. d6 Nc6 41. Bf7 Ne5 42. Bxg6+ Kd5 43. d7 Nxd7 44. Bxh5 Nf6 45. Be2 Kd4 46. h4 Nd5 47. h5 Nf6 48. h6 Ke5 49. Bd3 Kd4 50. Kc2 Ke5 51. h7 Nxh7 52. Bxh7 Kd5 53. Kb3 Kc5 54. a4 Kd4 55. Bf5 Kc5 56. Bd7 Kd4 57. Bb5 Kc5 58. Kc3 Kd5 59. Kd3 Kc5 60. Ke4 Kd6 61. Kd4 Ke6 62. Kc4 Kd6 63. Be8 Kc7 64. Kb5 Kb7 65. Bc6+ Ka7 66. Kc4 Ka6 67. Kd5 Ka7 68. Kd6 Ka6 69. Bb5+ Ka7 70. Kc6 1-0


[Site "https://www.chess.com"]

[Event "Titled Tuesday Blitz March 07 Late 2023"]
[White "Pein, Jonathan"]
[Black "Einarsson, Halldor Gretar"]
[WhiteFideId "417092"]
[BlackFideId "2300150"]
[WhiteElo "2151"]
[BlackElo "2142"]
[Result "0-1"]
[Round "08"]
[TimeControl "180+2"]
[Date "2023.03.07"]
[WhiteClock "0:00:05"]
[BlackClock "0:00:34"]

1. e4 c5 2. Nf3 Nc6 3. Bb5 g6 4. Bxc6 bxc6 5. O-O Bg7 6. d3 Nf6 7. Nc3 O-O 8. e5 Nd5 9. Ne4 d6 10. exd6 exd6 11. c3 f5 12. Ned2 Rb8 13. Nc4 f4 14. Qa4 Qc7 15. Re1 Bf5 16. Ng5 Rbe8 17. Bd2 h6 18. Ne4 Nb6 19. Nxb6 axb6 20. Bxf4 b5 21. Qb3+ c4 22. dxc4 Bxe4 23. c5+ Qf7 24. Bxd6 Bd5 25. Qc2 Rxe1+ 26. Rxe1 Re8 27. Re2 Bxa2 28. h3 Bc4 29. Rxe8+ Qxe8 30. b3 Bd5 31. c4 bxc4 32. bxc4 Qe4 33. Qxe4 Bxe4 34. f3 Bd3 35. Kf2 Bxc4 36. g4 Bd5 37. f4 Kf7 38. Ke3 Ke6 39. h4 Bg2 40. Kf2 Be4 41. Ke3 Kd5 42. Be7 Bd4+ 43. Ke2 Bg2 44. h5 gxh5 45. gxh5 Bxc5 46. Bf6 Bf8 47. Kf2 Bh3 48. Kg3 Bf5 49. Bb2 Ke4 50. Bc1 Bd6 51. Kf2 Bxf4 52. Ba3 Be5 53. Ke2 Kd5 54. Ke3 Bg4 55. Kf2 Bf4 56. Kg2 Bxh5 57. Kh3 Bf3 58. Kh4 c5 0-1


[Site "https://www.chess.com"]

[Event "Titled Tuesday Blitz March 07 Late 2023"]
[White "De Souza, Cristiano Gomes"]
[Black "Hoffmann, Asa"]
[WhiteFideId "2151758"]
[BlackFideId "2001470"]
[WhiteElo "2068"]
[BlackElo "2117"]
[Result "0-1"]
[Round "08"]
[TimeControl "180+2"]
[Date "2023.03.07"]
[WhiteClock "0:00:44"]
[BlackClock "0:01:14"]

1. d4 Nf6 2. c4 c5 3. d5 e5 4. Nc3 d6 5. e4 Be7 6. Be2 Nbd7 7. Nf3 Nf8 8. O-O Ng6 9. Ne1 O-O 10. Nd3 a6 11. g3 b5 12. cxb5 axb5 13. Bf3 b4 14. Ne2 Ba6 15. b3 Nd7 16. Nb2 Nb6 17. Be3 Bg5 18. Qd2 Bxe3 19. Qxe3 Qd7 20. Rfc1 Rfc8 21. Kg2 Ne7 22. h3 f5 23. Nc4 Bxc4 24. bxc4 Ra3 25. Qg5 h6 26. Qh5 Rf8 27. exf5 Rxf5 28. Bg4 Rxh5 29. Bxd7 Nxd7 30. f4 Rf5 31. g4 Rxf4 32. Nxf4 exf4 33. Rcb1 Ne5 34. Rb3 Nxc4 35. Rxa3 Nxa3 36. Kf3 Nxd5 37. Ke4 Nc3+ 38. Kxf4 d5 39. Ke5 d4 40. Ke6 d3 0-1


[Site "https://www.chess.com"]

[Event "Titled Tuesday Blitz March 07 Late 2023"]
[White "Beukes, Dante M"]
[Black "Rodriguez Santiago, Jaime"]
[WhiteFideId "15200540"]
[BlackFideId "3100898"]
[WhiteElo "2199"]
[BlackElo "2025"]
[Result "1-0"]
[Round "08"]
[TimeControl "180+2"]
[Date "2023.03.07"]
[WhiteClock "0:00:33"]
[BlackClock "0:00:10"]

1. e4 c6 2. d4 d5 3. Nc3 dxe4 4. Nxe4 Nf6 5. Nxf6+ exf6 6. c3 Bd6 7. Bd3 O-O 8. Ne2 Re8 9. O-O Nd7 10. Ng3 g6 11. f4 f5 12. c4 Nf8 13. Bd2 Bc7 14. Bc3 Ne6 15. Ne2 Qe7 16. Kh1 b6 17. Qd2 Bb7 18. Rae1 Qh4 19. d5 cxd5 20. cxd5 Nc5 21. Bb5 Re4 22. b4 Na6 23. Ba1 Rd8 24. Qc3 f6 25. Bxa6 Bxd5 26. Qxc7 Rde8 27. Qd6 Ba8 28. Qxf6 Qxf6 29. Bxf6 Kf7 30. Bc3 Bd5 31. Rd1 Ba8 32. Rd7+ R8e7 33. Rxe7+ Kxe7 34. Nd4 b5 35. Bxb5 Kd6 36. Rd1 Kc7 37. Nf3 Kb6 38. Bd3 Re8 39. Bd4+ Kb7 40. Bb5 Rd8 41. Ne5 Kb8 42. Ba6 Rd6 43. b5 Be4 44. Nc4 Rd7 45. Be5+ 1-0


[Site "https://www.chess.com"]

[Event "Titled Tuesday Blitz March 07 Late 2023"]
[White "Ricaurte Lopez, Juan Carlos"]
[Black "Gatterer, Florian"]
[WhiteFideId "3600327"]
[BlackFideId "811688"]
[WhiteElo "2209"]
[BlackElo "2221"]
[Result "1-0"]
[Round "08"]
[TimeControl "180+2"]
[Date "2023.03.07"]
[WhiteClock "0:00:08"]
[BlackClock "0:00:01"]

1. e4 c5 2. d4 cxd4 3. c3 Nf6 4. e5 Nd5 5. Bc4 Nb6 6. Bb3 Nc6 7. Nf3 d5 8. cxd4 Bg4 9. Be3 e6 10. h3 Bh5 11. O-O Be7 12. Nbd2 O-O 13. Rc1 Rc8 14. Qe2 Na5 15. Qb5 Nxb3 16. axb3 Qd7 17. Qa5 Ra8 18. Rc3 Bd8 19. Qb4 Be7 20. Qa5 Bd8 21. Qb4 a5 22. Qd6 Qxd6 23. exd6 f6 24. Rfc1 Kf7 25. g4 Bg6 26. Bf4 Ke8 27. Kg2 h5 28. Kg3 Rf7 29. g5 Rf8 30. h4 Bf5 31. Rc7 Bxc7 32. Rxc7 Rf7 33. Rc5 Rd7 34. Nf1 a4 35. bxa4 Nxa4 36. Rb5 Ra6 37. Ne3 Be4 38. Nd2 Rb6 39. Rxb6 Nxb6 40. f3 Bd3 41. Nb3 Bc4 42. Nc5 Rf7 43. b3 Bb5 44. g6 Rd7 45. Nxe6 Bc6 46. Nc5 Kd8 47. Nxd7 Kxd7 48. Nf5 Kd8 49. Nxg7 Nd7 50. Nxh5 Nf8 51. Nxf6 Nxg6 52. h5 Nh8 53. h6 Be8 54. Nxd5 Bf7 55. Nf6 Bxb3 56. Be5 Bf7 57. d5 Ng6 58. Bd4 b5 59. h7 1-0


[Site "https://www.chess.com"]

[Event "Titled Tuesday Blitz March 07 Late 2023"]
[White "Hajiyev, Kanan"]
[Black "Ramirez, Maria Eugenia"]
[WhiteFideId "13404148"]
[BlackFideId "3301680"]
[WhiteElo "2103"]
[BlackElo "1842"]
[Result "0-1"]
[Round "08"]
[TimeControl "180+2"]
[Date "2023.03.07"]
[WhiteClock "0:00:57"]
[BlackClock "0:00:06"]

1. d4 Nf6 2. Nf3 c5 3. c3 e6 4. Bf4 Nc6 5. e3 cxd4 6. exd4 Be7 7. Bd3 O-O 8. O-O d5 9. Nbd2 Nh5 10. Be3 Nf6 11. a4 a5 12. Qe2 Bd6 13. Bg5 h6 14. Bh4 Be7 15. Rfe1 Nd7 16. Bg3 Nf6 17. Bc2 Bd6 18. Bh4 Be7 19. Qd3 g6 20. Bg3 Ne8 21. Qe3 Kg7 22. h4 f5 23. Bf4 Rh8 24. g3 Nf6 25. Kg2 Ne4 26. Ne5 Nxe5 27. Bxe5+ Bf6 28. Bxf6+ Qxf6 29. Nf3 g5 30. hxg5 hxg5 31. Bxe4 dxe4 32. Qxg5+ Qxg5 33. Nxg5 Kf6 34. Nh3 Bd7 35. Nf4 Bc6 36. Kf1 Rh2 37. Ke2 Rah8 38. Ke3 R2h7 39. b4 Rd8 40. b5 Bd5 41. Rh1 Rxh1 42. Rxh1 Bb3 43. Ra1 Rc8 44. Kd2 e5 45. Ne2 Rd8 46. Ra3 Bc4 47. Ke3 Bxe2 48. dxe5+ Kxe5 49. Kxe2 Rd3 50. Rb3 b6 51. Ra3 Kd5 52. Ra1 Rxc3 53. Rh1 Kc4 54. Rh6 Kb4 55. Rxb6 Kxa4 56. Rf6 Kxb5 57. Rxf5+ Kb4 58. Rf4 Rc4 59. g4 a4 60. g5 a3 61. Rf8 Rc5 62. Rb8+ Rb5 63. Ra8 Ra5 64. Rb8+ Rb5 65. Rd8 a2 66. Rd1 Rxg5 67. Ke3 Ra5 68. Ra1 Kb3 69. Kxe4 Kb2 70. Re1 a1=Q 71. Rxa1 Kxa1 72. f4 Kb2 73. f5 Kc3 74. f6 Kc4 75. Kf4 Ra8 76. Ke5 Kc5 77. Ke6 Kc6 78. Ke7 Kc7 79. f7 Kc6 80. Ke6 Kc7 81. Ke7 Kc6 82. Kf6 Kd7 83. Kg7 Ke7 84. Kg6 Rf8 85. Kg7 Rxf7+ 86. Kg6 Rf6+ 87. Kg5 Kf7 88. Kg4 Kg6 89. Kg3 Kg5 90. Kh3 Rf4 91. Kg3 Rf5 92. Kg2 Kg4 93. Kh2 Rf2+ 94. Kg1 Rc2 95. Kh1 Kg3 96. Kg1 Rc1# 0-1


[Site "https://www.chess.com"]

[Event "Titled Tuesday Blitz March 07 Late 2023"]
[White "Meunier-Pion, Jean"]
[Black "Vargas Pereda, Jesus Manue"]
[WhiteFideId "20685327"]
[BlackFideId "5115710"]
[WhiteElo "2124"]
[BlackElo "1914"]
[Result "1-0"]
[Round "08"]
[TimeControl "180+2"]
[Date "2023.03.07"]
[WhiteClock "0:01:04"]
[BlackClock "0:02:13"]

1. e4 c5 2. Nf3 Nc6 3. Bb5 Nf6 4. e5 Nd5 5. O-O a6 6. Bc4 e6 7. Bxd5 exd5 8. d4 cxd4 9. Nxd4 Be7 10. Nf5 O-O 11. Qg4 g6 12. Qg3 Kh8 13. Bh6 Rg8 14. Nxe7 Nxe7 15. Bg5 Nf5 16. Bxd8 Nxg3 17. Bf6+ Rg7 18. hxg3 Kg8 19. Nc3 d6 20. exd6 1-0


[Site "https://www.chess.com"]

[Event "Titled Tuesday Blitz March 07 Late 2023"]
[White "Tyagi, Kushan"]
[Black "Karttunen, Mika"]
[WhiteFideId "2040069"]
[BlackFideId "502081"]
[WhiteElo "2376"]
[BlackElo "2396"]
[Result "1-0"]
[Round "08"]
[TimeControl "180+2"]
[Date "2023.03.07"]
[WhiteClock "0:00:23"]
[BlackClock "0:00:02"]

1. d4 Nf6 2. c4 e6 3. g3 d5 4. Bg2 dxc4 5. Nf3 Bb4+ 6. Bd2 a5 7. O-O O-O 8. Qc2 b5 9. a4 c6 10. Na3 Bxa3 11. bxa3 Ba6 12. Ne5 Nd5 13. axb5 cxb5 14. a4 b4 15. Nxc4 Qc7 16. Rfc1 Rc8 17. e4 Ne7 18. Bf1 Ra7 19. Qb3 Bxc4 20. Rxc4 Qd8 21. Rac1 Rac7 22. Be3 Rxc4 23. Rxc4 Nbc6 24. h4 h6 25. Be2 Nb8 26. Qc2 Rxc4 27. Qxc4 Nd7 28. Bf4 Nf6 29. Bd3 Qd7 30. Be5 1-0


[Site "https://www.chess.com"]

[Event "Titled Tuesday Blitz March 07 Late 2023"]
[White "Moral Garcia, Serafin"]
[Black "Garcia Almaguer, Juan Manuel"]
[WhiteFideId "2201925"]
[BlackFideId "5110491"]
[WhiteElo "2254"]
[BlackElo "2117"]
[Result "1-0"]
[Round "08"]
[TimeControl "180+2"]
[Date "2023.03.07"]
[WhiteClock "0:01:18"]
[BlackClock "0:01:09"]

1. e4 e5 2. Nf3 Nc6 3. Bb5 a6 4. Bxc6 dxc6 5. O-O Qf6 6. d4 exd4 7. Bg5 Qg6 8. Qxd4 Be7 9. Bxe7 Nxe7 10. Ne5 Qd6 11. Rd1 Qxd4 12. Rxd4 O-O 13. Nc3 f6 14. Nf3 Bg4 15. Ne1 c5 16. Rd2 Rad8 17. Rxd8 Rxd8 18. f3 Be6 19. a3 Rd2 20. Rd1 Rxd1 21. Nxd1 Kf7 22. Kf2 b6 23. Nd3 g5 24. g3 Nc6 25. c3 Bc4 26. Ne1 Na5 27. Ne3 Be6 28. Nd3 Nc4 29. Nxc4 Bxc4 30. Ke3 Ke6 31. f4 Bxd3 32. Kxd3 gxf4 33. gxf4 f5 34. Ke3 c6 35. h3 Kf6 36. Kf3 Ke6 37. c4 b5 38. b3 a5 39. a4 b4 40. exf5+ Kxf5 41. Ke3 h5 42. Kf3 h4 43. Ke3 Ke6 44. Ke4 Kf6 45. f5 Ke7 46. Kf4 Kf7 47. Kg5 1-0


[Site "https://www.chess.com"]